 Dungeon Crawl Stone Soup version 0.29-a0-96-g93358da72b (webtiles) character file.

Game seed: 4174341202928788424

378 enile the Conjurer (level 6, -9/44 HPs)
             Began as an Octopode Conjurer on Feb 10, 2022.
             Was a Believer of Okawaru.
             Mangled by Sigmund (10 damage)
             ... on level 3 of the Dungeon.
             The game lasted 00:03:32 (3806 turns).

enile the Conjurer (Octopode Conjurer)              Turns: 3806, Time: 00:03:33

Health: -9/44      AC:  1    Str:  6    XL:     6   Next: 74%
Magic:  6/10       EV: 13    Int: 22    God:    Okawaru [**....]
Gold:   83         SH:  0    Dex: 11    Spells: 8/11 levels left

rFire   . . .      SeeInvis .   n - +2 short sword (protect)
rCold   . . .      Faith    .   (no shield)
rNeg    . . .      Spirit   .   (helmet restricted)
rPois   .          Reflect  .   (no amulet)
rElec   +          Harm     .   (no ring)
rCorr   .          Rampage  .   (no ring)
Will    .....                   (no ring)
Stlth   +++.......              (no ring)
HPRegen 0.14/turn               (no ring)
MPRegen 0.12/turn               (no ring)
                                (no ring)
                                (no ring)

@: mighty
A: almost no armour, amphibious, 8 rings, camouflage 1, gelatinous body 1,
(nimble swimmer 1), tentacles, electricity resistance
a: Renounce Religion, Heroism


You were on level 3 of the Dungeon.
You worshipped Okawaru.
Okawaru was pleased with you.
You visited 1 branch of the dungeon, and saw 3 of its levels.

You collected 113 gold pieces.
You spent 30 gold pieces at shops.

Inventory:

Hand Weapons
 d - a +0 short sword
 n - a +2 short sword of protection (weapon)
Jewellery
 g - a +4 ring of evasion
Wands
 f - a wand of paralysis (5)
 h - a wand of acid (6)
Scrolls
 a - 2 scrolls of identify {unknown}
 b - 3 scrolls of vulnerability {unknown}
 e - a scroll of magic mapping {unknown}
 k - a scroll of teleportation {unknown}
Potions
 i - a potion of might
 j - a potion of lignification
 m - a potion of heal wounds {unknown}


   Skills:
 + Level 4.7 Fighting
 - Level 3.0 Dodging
 - Level 2.7 Stealth
 - Level 3.0 Spellcasting
 - Level 5.0 Conjurations


You had 8 spell levels left.
You knew the following spells:

 Your Spells              Type           Power      Damage    Failure   Level
a - Magic Dart            Conj           100%       1d8       1%          1
b - Searing Ray           Conj           50%        2d6       2%          2

Your spell library contained the following spells:

 Spells                   Type           Power      Damage    Failure   Level
 Dazzling Flash           Conj/Hex       28%        N/A       13%         3
 Fulminant Prism          Conj/Hex       7%         3d7       41%         4
 Iskenderun's Mystic Bla  Conj/Tloc      14%        2d5       41%         4


Dungeon Overview and Level Annotations

Branches:
Dungeon (3/15)

Altars:
Kikubaaqudgha
Okawaru

Shops:
D:2 [   D:3 !

Annotations:
D:3 Sigmund


Innate Abilities, Weirdness & Mutations

You cannot wear most types of armour.
You are amphibious.
You can wear up to eight rings at the same time.
Your skin changes colour to match your surroundings (Stealth+).
Your rubbery body absorbs attacks. (AC +1, EV +1)
((You are camouflaged when in or above water. (Stealth+)))
You have tentacles for arms and can constrict up to eight enemies at once.
You are resistant to electric shocks. (rElec)


Message History

The magic dart hits the orc but does no damage.
The orc is almost dead.
The orc hits you with a +0 mace!
An orc is nearby!
Casting: Magic Dart (safe; 1% risk of failure)
Confirm with . or Enter, or press ? or * to list all spells.
Aiming: Magic Dart (safe; 1% risk of failure)
Press: ? - help, Shift-Dir - straight line, f/p - orc
Aim: an orc, wielding a +0 mace and wearing a +0 leather armour (almost dead, 100% to hit)
The magic dart hits the orc.
You kill the orc!
Okawaru accepts your kill. Something completely misses you.
Casting: Magic Dart (safe; 1% risk of failure)
Confirm with . or Enter, or press ? or * to list all spells.
You can't see any susceptible monsters within range! (Use Z to cast anyway.)
Casting: Magic Dart (safe; 1% risk of failure)
Confirm with . or Enter, or press ? or * to list all spells.
You can't see any susceptible monsters within range! (Use Z to cast anyway.)
Something hits you!
Casting: Magic Dart (safe; 1% risk of failure)
Confirm with . or Enter, or press ? or * to list all spells.
You can't see any susceptible monsters within range! (Use Z to cast anyway.)
Something hits you. Something hits you.
Casting: Magic Dart (safe; 1% risk of failure)
Confirm with . or Enter, or press ? or * to list all spells.
You can't see any susceptible monsters within range! (Use Z to cast anyway.)
As you read the scroll labelled YTOL TO LEPNOE, it crumbles to dust.
Your body is wracked with pain!
* * * LOW HITPOINT WARNING * * *
Something is bathed in an unholy light!
It was a scroll of torment.
Something hits you!
* * * LOW HITPOINT WARNING * * *
It was a potion of might.
You feel very mighty all of a sudden.
It was a potion of mutation.
You feel extremely strange.
You feel insulated. Something hits you!
You die...

#≈≈### #.#
#####..####.#.#.
####≈≈≈# #(# #..#
#.⌠.#.⌠ ≈≈≈≈#####
#.#######..# ##.#.#.
###≈≈≈≈≈#
#.#........# ##.⌠.#
######≈≈###
#.#.######.# #.#.#.
≈≈≈≈≈≈#≈≈≈#
#...######.####..#.⌠
###########
###..........##.#.#.
#.########.###.⌠.#
#@# #.# ##...
[....{).# #.#####''
######### #........
#########


There were no monsters in sight!

Vanquished Creatures
  3 vampire bats (D:3)
  A hound (D:2)
  An orc priest (D:3)
  An orc wizard (D:3)
  Natasha (thrice) (D:2)
  3 adders (D:2)
  A worm (D:2)
  2 dart slugs
  3 orcs (D:3)
  4 bat skeletons (D:3)
  A bat zombie (D:3)
  5 endoplasms
  2 giant cockroaches
  6 goblins
  6 hobgoblins
  2 jackals (D:2)
  2 quokkas
  5 ball pythons
  6 bats
  3 frilled lizards
  4 kobolds
  7 rats
71 creatures vanquished.

Notes
Turn   | Place    | Note
-------+----------+-------------------------------------------
     0 | D:1      | enile the Octopode Conjurer began the quest for the Orb.
     0 | D:1      | Reached XP level 1. HP: 11/11 MP: 3/3
   118 | D:1      | Found a faded altar of an unknown god.
   123 | D:1      | Prayed at the altar of an unknown god.
   123 | D:1      | Became a worshipper of Warmaster Okawaru
   123 | D:1      | Reached * piety under Okawaru
   129 | D:1      | Reached skill level 1 in Fighting
   133 | D:1      | Reached XP level 2. HP: 10/18 MP: 1/5
   755 | D:1      | Reached XP level 3. HP: 21/25 MP: 6/6
   758 | D:1      | Learned a level 2 spell: Searing Ray
  1350 | D:2      | Reached XP level 4. HP: 19/31 MP: 1/8
  1550 | D:2      | Noticed Natasha
  1559 | D:2      | Killed Natasha
  1566 | D:2      | Noticed Natasha
  1573 | D:2      | Killed Natasha
  1574 | D:2      | Reached XP level 5. HP: 11/36 MP: 4/9
  1919 | D:2      | Found For Ocock's Antique Armour Boutique.
  2181 | D:2      | Noticed Natasha
  2185 | D:2      | Killed Natasha
  2186 | D:2      | Reached skill level 5 in Conjurations
  2908 | D:3      | Reached XP level 6. HP: 36/42 MP: 2/10
  2911 | D:3      | Reached ** piety under Okawaru
  3102 | D:3      | Found Cablaolexo's Distillery.
  3111 | D:3      | Bought a potion of lignification for 30 gold pieces
  3637 | D:3      | Found an ancient bone altar of Kikubaaqudgha.
  3793 | D:3      | Noticed Sigmund
  3804 | D:3      | HP: 1/44 [something (9)]
  3806 | D:3      | Gained mutation: You are resistant to electric shocks.
                  | (rElec) [potion of mutation]
  3806 | D:3      | Mangled by Sigmund

Illustrated notes

Levels and vault maps discovered:
D:1:      dpeg_chamrin_arrival_tetris, layout_basic,
          shapermc_ecumenical_altar_acropolis
D:2:      layout_basic, serial_glass, glass_columns_a, glass_columns_a,
          glass_columns_a, glass_columns_a, glass_columns_a, glass_columns_a,
          serial_shops, shop, nrook_mini_vaults, uniq_natasha
D:3:      minmay_wonky_spiral, layout_loops_ring, kennysheep_vampire_church,
          serial_shops, nicolae_diamond_shop, grunt_ministairs_8,
          chequers_serial_rivers_large_b, kennysheep_generic_room_15,
          uniq_sigmund

Skill      XL: |  1  2  3  4  5  6 |
---------------+-------------------+-----
Fighting       | 1 2 3 4 |  4.7
Spellcasting   | 3 |  3.0
Conjurations   | 5 |  5.0
Dodging        | 3 |  3.0
Stealth        | |  2.7

Action                   |  1- 3 |  4- 6 || total
-------------------------+-------+-------++-------
Melee: Unarmed           |    24 |       ||    24
       Tentacles         |    14 |     4 ||    18
       Short sword       |    37 |    17 ||    54
       Constrict         |    10 |     4 ||    14
       Punch             |     1 |     1 ||     2
 Cast: Magic Dart        |    10 |    71 ||    81
       Searing Ray       |    12 |    12 ||    24
  Use: Potion            |       |     3 ||     3
       Scroll            |       |     1 ||     1
 Stab: Sleeping          |     6 |       ||     6
Armor: Skin              |     4 |     6 ||    10
Dodge: Dodged            |    43 |    35 ||    78

Table legend: (Time is in decaauts)
 A = Elapsed time spent in this place.
 B = Non-inter-level travel time spent in this place.
 C = Inter-level travel time spent in this place.
 D = Time resting spent in this place.
 E = Time spent auto-exploring this place.
 F = Levels seen in this place.
 G = Mean time per level.
                   A        B        C        D        E       F      G
               +--------+--------+--------+--------+--------+-----+--------+
         Total |   3827 |   3779 |     48 |     49 |   3356 |   3 | 1275.7 |
       Dungeon |   3827 |   3779 |     48 |     49 |   3356 |   3 | 1275.7 |
               +--------+--------+--------+--------+--------+-----+--------+

Top non-repeatable levels by time:
     D:2: 1659 daAuts
     D:3: 1088 daAuts
     D:1: 1080 daAuts
